AoeStats
← min.nicha

Arena

509557991Analyzed
4v4 RM · 6d ago on Sep 27, 2026· 55m 31s· 8 players
Game mode
Random Map
Map size
Large (8 player)
Population
200
Speed
Normal
Resources
Standard
Victory
Conquest
Starting age
Dark Age
Ending age
Imperial Age
RankedLock teamsTeams togetherTeam positionsShared explorationLock speedFull tech treeHidden civsTurbo modeCheats
Victory
Defeat
🇦🇷 Khmer · Argentina
1229
+7
🇦🇷 Byzantines · Argentina
1024
+14
🇦🇷 Mongols · Argentina
963
+15
🇨🇳 Poles · China
963
+16
🇦🇺 Cumans · Australia
1014
-14
🇳🇱 Spanish · Netherlands
1003
-14
🇨🇳 Italians · China
955
-12
🇨🇳 Burmese · China
946
-12
津门酒仙1049
9:49 Feudal Age
14:44 Castle Age
13:19 Double-Bit Axe
13:14 Horse Collar
15:13 Wheelbarrow
16:36 Bow Saw
28:31 Imperial Age
26:47 Hand Cart
27:13 Gold Mining
28:02 Fletching
28:22 Forging
28:16 Heavy Plow
28:54 Gold Shaft Mining
28:42 Crossbowman
29:55 Ballistics
28:58 Pikeman
29:39 Squires
31:27 Two-Man Saw
30:31 Bodkin Arrow
30:37 Scale Mail Armor
30:02 Halberdier
31:21 Conscription
31:35 Arbalester
32:20 Thumb Ring
34:10 Bracer
34:11 Padded Archer Armor
35:42 Stone Mining
36:27 Crop Rotation
38:25 Leather Archer Armor
38:47 Iron Casting
38:27 Chain Mail Armor
39:15 Chemistry
38:12 Murder Holes
41:26 Stone Shaft Mining
41:27 Husbandry
40:48 Light Cavalry
40:49 Heavy Camel Rider
42:01 Plate Mail Armor
42:03 Ring Archer Armor
41:39 Scale Barding Armor
42:28 Hoardings
42:09 Arson
45:46 Hussar
48:05 Caravan
47:50 Elite Skirmisher
50:33 Guilds
50:54 Loom
52:33 Chain Barding Armor
53:56 Plate Barding Armor
53:44 Bombard Tower
54:11 Spies/Treason
萌萌
10:09 Feudal Age
13:47 Castle Age
12:56 Double-Bit Axe
12:55 Horse Collar
15:09 Wheelbarrow
14:47 Bow Saw
19:26 Heavy Plow
22:06 Gold Mining
22:09 Stone Mining
22:39 Gold Mining
24:00 Hand Cart
24:45 Stone Shaft Mining
25:38 Gold Shaft Mining
28:47 Imperial Age
26:28 Fletching
26:38 Padded Archer Armor
27:34 Ballistics
27:23 Loom
27:36 Bodkin Arrow
28:32 Leather Archer Armor
28:57 Masonry
29:49 Bracer
30:52 Chemistry
30:24 Conscription
29:43 Elite Mangudai
30:34 Scale Barding Armor
31:10 Forging
32:35 Husbandry
32:45 Bloodlines
31:56 Light Cavalry
33:04 Parthian Tactics
33:14 Thumb Ring
34:32 Chain Barding Armor
34:47 Iron Casting
33:44 Hussar
37:59 Blast Furnace
39:53 Drill
40:46 Siege Engineers
41:46 Capped Ram
43:12 Siege Ram
TO_8哥
9:25 Loom
11:35 Feudal Age
12:57 Horse Collar
16:28 Castle Age
14:47 Double-Bit Axe
15:03 Horse Collar
18:29 Heavy Plow
20:53 Bow Saw
24:05 Husbandry
24:16 Bloodlines
25:09 Gold Mining
25:33 Pikeman
27:13 Wheelbarrow
27:09 Squires
28:19 Forging
28:15 Scale Barding Armor
30:46 Iron Casting
30:32 Chain Barding Armor
31:28 Hand Cart
35:25 Imperial Age
33:54 Scale Mail Armor
37:08 Cavalier
41:26 Blast Furnace
41:28 Chain Mail Armor
49:14 Crop Rotation
49:29 Plate Mail Armor
52:55 Town Watch
53:17 Arson
54:23 Szlachta Privileges
CYJ8564
2:19 Loom
14:07 Feudal Age
18:38 Castle Age
18:52 Castle Age
16:42 Double-Bit Axe
16:53 Horse Collar
18:36 Gold Mining
23:03 Bow Saw
25:45 Wheelbarrow
28:29 Gold Shaft Mining
27:51 Stone Mining
31:56 Imperial Age
30:27 Hand Cart
35:05 Imperial Age
33:28 Stone Shaft Mining
33:15 Scale Barding Armor
33:21 Forging
33:34 Ballistics
33:54 Husbandry
34:06 Bloodlines
35:22 Iron Casting
35:08 Chain Barding Armor
35:39 Elite Battle Elephant
38:11 Plate Barding Armor
38:42 Blast Furnace
39:25 Chemistry
38:32 Siege Engineers
46:11 Padded Archer Armor
46:01 Fletching
50:40 Light Cavalry
51:27 Hussar
Fantasime
11:21 Feudal Age
16:39 Castle Age
15:02 Horse Collar
20:14 Heavy Plow
26:05 Imperial Age
25:29 Wheelbarrow
24:55 Gold Mining
24:59 Stone Mining
25:51 Scale Mail Armor
26:02 Forging
26:30 Arson
26:48 Squires
28:59 Chain Mail Armor
30:21 Hand Cart
31:10 Gold Shaft Mining
34:34 Iron Casting
35:54 Scale Barding Armor
36:21 Plate Mail Armor
36:52 Blast Furnace
38:28 Pikeman
39:57 Halberdier
44:49 Fortified Wall
45:11 Elite Skirmisher
51:29 Chemistry
50:51 Ballistics
vdL
12:31 Feudal Age
13:40 Horse Collar
14:25 Double-Bit Axe
18:04 Castle Age
16:40 Gold Mining
19:14 Bow Saw
19:01 Stone Mining
19:14 Heavy Plow
23:27 Fortified Wall
25:08 Wheelbarrow
24:19 Loom
24:51 Forging
24:47 Scale Barding Armor
31:11 Imperial Age
31:24 Town Watch
32:18 Iron Casting
32:04 Chain Barding Armor
31:58 Bloodlines
31:49 Husbandry
31:13 Light Cavalry
32:15 Conscription
32:09 Masonry
32:20 Ballistics
32:45 Hand Cart
33:42 Two-Man Saw
32:30 Cavalier
32:44 Hussar
33:44 Caravan
35:23 Blast Furnace
34:59 Plate Barding Armor
34:16 Fletching
33:53 Pikeman
34:34 Squires
35:08 Architecture
37:11 Town Patrol
37:49 Bodkin Arrow
37:31 Paladin
37:41 Halberdier
38:37 Bracer
38:43 Scale Mail Armor
39:58 Chemistry
41:34 Chain Mail Armor
42:22 Elite Conquistador
46:17 Arson
49:25 Plate Mail Armor
49:19 Padded Archer Armor
min.nicha
11:37 Feudal Age
12:47 Double-Bit Axe
12:46 Horse Collar
15:44 Castle Age
15:01 Gold Mining
19:56 Imperial Age
21:37 Chemistry
24:31 Wheelbarrow
25:38 Fletching
26:14 Padded Archer Armor
27:39 Bow Saw
28:57 Treadmill Crane
31:03 Bodkin Arrow
31:24 Leather Archer Armor
31:33 Conscription
31:29 Stone Mining
32:00 Town Watch
33:08 Hand Cart
35:47 Elite Genoese Crossbowman
37:27 Stone Shaft Mining
40:03 Pirotechnia
40:48 Masonry
41:52 Bracer
42:23 Ring Archer Armor
42:41 Pirotechnia
43:13 Ballistics
44:42 Architecture
47:29 Elite Skirmisher
Marak
9:12 Feudal Age
9:58 Double-Bit Axe
10:29 Horse Collar
21:05 Castle Age
20:49 Scale Barding Armor
21:41 Gold Mining
22:27 Heavy Plow
22:46 Bloodlines
23:28 Forging
23:39 Chain Barding Armor
26:19 Bow Saw
30:09 Stone Mining
31:47 Gold Shaft Mining
32:50 Wheelbarrow
35:32 Imperial Age
35:36 Elite Steppe Lancer
36:58 Plate Barding Armor
37:00 Iron Casting
39:16 Steppe Husbandry
41:28 Blast Furnace
40:21 Light Cavalry
41:35 Hussar
Connection lost

Rejoining the realm…

Still unreachable

The connection could not be restored.

Session expired

The server has moved on; the page needs a fresh start.